 Dungeon Crawl Stone Soup version 0.31-a0-841-g038b102fc3 (webtiles) character file.

Game seed: 16201988964768140294

70074 Kurtz the Severer (level 15, -4/108 (109) HPs)
             Began as an Octopode Fighter on Sept 27, 2023.
             Was a High Priest of Okawaru.
             Slain by a troll (18 damage)
             ... on level 2 of the Orcish Mines.
             The game lasted 00:44:08 (24278 turns).

Kurtz the Severer (Octopode Fighter)               Turns: 24278, Time: 00:44:09

HP:   -4/108 (109)  AC:  1    Str: 24    XL:     15   Next: 32%
MP:   20/22         EV: 29    Int: 10    God:    Okawaru [*****.]
Gold: 1651          SH: 13    Dex: 20    Spells: 11/14 levels left

rFire   + + .        j - +3 broad axe of Ricuymoph {flame, rPois Str+4 Dex+5}
rCold   x . .        b - +0 buckler
rNeg    . . .        (helmet restricted)
rPois   +            O - amulet of reflection
rElec   +            Q - ring of protection from fire
rCorr   .            R - ring "Olyaquti" {rElec EV+5 SInv}
SInv    +            n - ring of fire
Will    +....        (no ring)
Stlth   ++++         (no ring)
HPRegen 0.38/turn    (no ring)
MPRegen 0.18/turn    (no ring)
                     (no ring)

%: reflection, clarity
@: heroic, lightly drained
A: almost no armour, amphibious, 8 rings, camouflage 1, gelatinous body 1,
(nimble swimmer 1), tentacles, clarity, wild magic 1
a: Renounce Religion, Heroism, Finesse, Duel


You were on level 2 of the Orcish Mines.
You worshipped Okawaru.
Okawaru was extremely pleased with you.
You visited 4 branches of the dungeon, and saw 19 of its levels.
You also visited: Ossuary and Gauntlet.

You collected 2119 gold pieces.
You spent 468 gold pieces at shops.

Inventory:

Hand Weapons
 j - the +3 broad axe of Ricuymoph (weapon) {flame, rPois Str+4 Dex+5}
   (You found it in a Gauntlet)

   Str+4:     It affects your strength (+4).
   Dex+5:     It affects your dexterity (+5).
   rPois:     It protects you from poison
 L - a +2 war axe of flaming
 S - a +2 hand axe of venom
Missiles
 q - 37 poisoned darts
 x - 32 boomerangs
 N - 10 javelins
 P - 9 silver javelins
 U - 9 curare-tipped darts
Armour
 b - a +0 buckler (worn)
Jewellery
 n - a ring of fire (on tentacle)
 w - an amulet of guardian spirit
 O - an amulet of reflection (around mantle)
 Q - a ring of protection from fire (left tentacle)
 R - the ring "Olyaquti" (right tentacle) {rElec EV+5 SInv}
   (You found it in a Gauntlet)

   [ring of evasion]

   EV+5:      It affects your evasion (+5).
   rElec:     It insulates you from electricity.
   SInv:      It lets you see invisible.
Wands
 h - a wand of mindburst (6) (quivered)
 z - a wand of flame (8)
 C - a wand of digging (4)
 G - a wand of roots (10)
 K - a wand of acid (3)
Scrolls
 c - a scroll of vulnerability {unknown}
 f - 7 scrolls of enchant weapon
 g - a scroll of amnesia
 i - a scroll of summoning
 s - 7 scrolls of enchant armour
 y - 8 scrolls of teleportation
 D - 4 scrolls of blinking
 E - a scroll of poison
 H - a scroll of fog
 I - 3 scrolls of immolation
 J - 2 scrolls of brand weapon
 W - a scroll of noise
 Y - 3 scrolls of revelation {unknown}
Potions
 a - a potion of attraction
 d - 3 potions of enlightenment
 e - 3 potions of mutation
 k - a potion of invisibility {unknown}
 m - 2 potions of resistance
 o - a potion of brilliance
 p - a potion of curing
 r - a potion of cancellation
 A - 2 potions of heal wounds
 F - 2 potions of magic


   Skills:
 * Level 12.5(17.5) Fighting
 - Level 18.0(23.0) Axes
 * Level 10.1(15.1) Dodging
 - Level 1.0(6.0) Stealth
 * Level 9.6(14.6) Shields
 * Level 10.1 Invocations


You had 11 spell levels left.
You knew the following spells:

 Your Spells              Type           Power      Damage    Failure   Level
a - Ozocubu's Armour      Ice            0%         N/A       83%         3

Your spell library contained the following spells:

 Spells                   Type           Power      Damage    Failure   Level
 Kiss of Death            Conj/Necr      0%         2d5       47%         1
 Magic Dart               Conj           0%         1d3       47%         1
 Blink                    Tloc           0%         N/A       61%         2
 Cigotuvi's Dreadful Rot  Necr/Pois/Air  0%         N/A       61%         2
 Ensorcelled Hibernation  Hex/Ice        0%         N/A       61%         2
 Jinxbite                 Hex            0%         N/A       61%         2
 Lesser Beckoning         Tloc           0%         N/A       61%         2
 Momentum Strike          Conj/Tloc      0%         3d8       61%         2
 Confusing Touch          Hex            0%         N/A       83%         3
 Ignite Poison            Fire/Tmut/Pois 0%         N/A       83%         3
 Mephitic Cloud           Conj/Pois/Air  0%         N/A       83%         3
 Anguish                  Hex/Necr       0%         N/A       99%         4
 Dispel Undead            Necr           0%         3d6       99%         4
 Freezing Cloud           Conj/Ice/Air   0%         6-21      100%        5
 Ozocubu's Refrigeration  Ice            0%         4d7       100%        7
 Call Imp                 Summ           Unusable   N/A       N/A         2

Dungeon Overview and Level Annotations

Branches:
Dungeon (11/15)            Temple (1/1) D:4            Lair (5/5) D:10
 Shoals (0/4) Lair:2        Snake (0/4) Lair:3        Slime (0/5) Lair:5
    Orc (2/2) D:10        Ossuary (visited)         Gauntlet (visited)
    Elf: Orc:2

Altars:
Ashenzari
Dithmenos
Fedhas
Gozag
Hepliaklqana
Kikubaaqudgha
Makhleb
Nemelex Xobeh
Okawaru
Qazlal
Ru
Sif Muna
Trog
Uskayaw
Vehumet
Wu Jian
Xom
Yredelemnul
Zin
The Shining One
Jiyva

Shops:
D:5 ?   Orc:1 **   Orc:2 =[

Annotations:
D:7 exclusion: downstairs
D:9 2 runed translucent doors
D:11 3 runed translucent doors, exclusion: two-headed ogre, Superdj450's ghost, novice DgCj
Lair:4 2 runed translucent doors, Bekuax's ghost, journeyman MfIE
Lair:5 exclusion: oklob plant


Innate Abilities, Weirdness & Mutations

You cannot wear most types of armour.
You are amphibious.
You can wear up to eight rings at the same time.
Your skin changes colour to match your surroundings (Stealth+).
Your rubbery body absorbs attacks. (AC +1, EV +1)
((You are camouflaged when in or above water. (Stealth+)))
You have tentacles for arms and can constrict up to eight enemies at once.
You possess an exceptional clarity of mind.
Your spells are a little harder to cast, but a little more powerful.


Message History

The orc warrior goes into a battle-frenzy!
You see here a +0 hand axe.
You hit the orc knight but do no damage.
You grab the orc knight. You constrict the orc knight.
You slice the orc knight!! You burn the orc knight.
The orc knight is moderately wounded.
You constrict the orc knight, but do no damage.
The orc knight closely misses you.
You slice the orc knight!! You burn the orc knight.
The orc knight is severely wounded.
You barely miss the orc warrior.
You constrict the orc knight, but do no damage.
You block the orc knight's attack.
You hit the orc knight but do no damage.
You squeeze the orc knight, but do no damage.
The orc knight is severely wounded.
You hit the orc warrior but do no damage.
You constrict the orc knight.
The orc warrior hits you with a +0 war axe!!
The orc knight hits you with a +3 broad axe!!
You are too injured to fight recklessly!
Unknown command.
You hit the orc knight but do no damage.
The orc knight is almost dead.
You hit the troll. You burn the troll. You hit the orc warrior.
You burn the orc warrior. You constrict the orc knight.
Unknown command.
You hit the orc knight. You burn the orc knight.
You squeeze the orc knight, but do no damage.
The orc knight is almost dead.
You closely miss the troll. You hit the orc warrior. You burn the orc warrior.
You constrict the orc knight. The orc warrior closely misses you.
The troll completely misses you. The troll claws you! The troll claws you.
You block the orc knight's attack.
You gain the combat prowess of a mighty hero.
You constrict the orc knight.
The orc warrior hits you with a +0 war axe!!
* * * LOW HITPOINT WARNING * * *
The troll bites you!!
You die...

......[<......#...#
......<[..........## ##
..)[..[..........#.##.####
..[)[[.........##......#.##
..[.)..[).......##........#.
.[<......................#..
................#...........
....#.........).............
#..........#.#[)@o[.[.......
.##.......###..To)..........
##.......##.#.[)[...........
#....)####...o....$......<..
......##.##.#.#.............
..#......................#..
......#.....#.#.............
.....4......##.............
..#..........#...........


You could see an orc knight, a troll and 2 orc warriors.

Vanquished Creatures
  2 orc warlords (Orc:1)
  A minotaur (Gauntlet)
  A fire dragon (Lair:5)
  6 hydras
  2 two-headed ogres
  An orc high priest (Orc:1)
  8 death yaks
  3 skysharks
  Sonja (D:11)
  Nergalle (D:10)
  4 lindwurms
  3 harpies (Lair:2)
  Pikel (D:4)
  An oklob plant (Gauntlet)
  3 orc knights
  3 orc sorcerers
  11 elephants
  10 black mambas
  An ice statue (Gauntlet)
  Joseph (D:10)
  14 cane toads
  3 molten gargoyles (Lair:5)
  Jeremiah (D:6)
  Maggie (D:10)
  An unseen horror (D:10)
  2 rime drakes
  14 komodo dragons
  5 trolls
  2 hornets
  3 polar bears (Lair:5)
  3 blink frogs
  5 shadows
  A vampire (D:11)
  Sigmund (D:3)
  5 wyverns
  88 yaks
  6 basilisks
  2 steam dragons
  3 wargs (Orc:1)
  2 nagas (Lair:3)
  An acid dragon (Gauntlet)
  15 water moccasins
  4 hell hounds (Lair:5)
  28 orc warriors
  3 centaurs
  8 ogres
  21 wolves
  4 kobold brigands
  2 phantoms (D:10)
  Blork the orc (D:4)
  11 bullfrogs
  2 gnoll sergeants (D:7)
  4 scorpions
  6 water moccasin zombies (Ossuary)
  13 wights
  3 necrophages (Lair:3)
  A troll zombie (D:10)
  6 killer bees (D:8)
  5 lava snakes (Lair:5)
  9 orc priests
  2 hounds
  8 jellies
  Jessica (D:2)
  Terence (D:2)
  A gnoll bouda (D:9)
  3 iguanas
  15 orc wizards
  7 hell rats (Lair:3)
  7 ogre zombies (D:10)
  2 mummies (Ossuary)
  4 adders
  17 gnolls
  A shadow imp (D:8)
  2 ufetubi
  5 adder zombies (Ossuary)
  2 worms
  A dart slug (D:1)
  33 orcs
  3 endoplasms
  6 giant cockroaches
  2 gnoll zombies (Ossuary)
  9 goblins
  6 hobgoblins
  23 kobolds
  8 quokkas
  9 ball pythons
  8 bats
  5 frilled lizards
  A goblin skeleton (D:10)
  A goblin zombie (D:10)
  A hobgoblin skeleton (D:10)
  9 hobgoblin zombies
  2 kobold skeletons (D:8)
  6 kobold zombies
  2 orc skeletons
  27 orc zombies
  10 rats
623 creatures vanquished.

Vanquished Creatures (others)
  An orc (Orc:1)
1 creature vanquished.

Grand Total: 624 creatures vanquished

Notes
Turn   | Place    | Note
-------+----------+-------------------------------------------
     0 | D:1      | Kurtz the Octopode Fighter began the quest for the Orb.
     0 | D:1      | Reached XP level 1. HP: 16/16 MP: 1/1
   116 | D:1      | Reached XP level 2. HP: 21/21 MP: 2/2
   124 | D:1      | Reached skill level 3 in Axes
   354 | D:1      | Reached XP level 3. HP: 18/26 MP: 3/3
   747 | D:2      | Noticed Terence
   752 | D:2      | Killed Terence
   753 | D:2      | Reached skill level 4 in Axes
   753 | D:2      | Reached XP level 4. HP: 27/31 MP: 4/4
   800 | D:2      | Identified the +3 dagger "Plog" {antimagic, rPois rN+}
   998 | D:2      | Noticed Jessica
  1012 | D:2      | Killed Jessica
  1255 | D:3      | Reached skill level 5 in Axes
  1384 | D:3      | Reached XP level 5. HP: 36/36 MP: 5/5
  1612 | D:3      | Noticed Sigmund
  1620 | D:3      | Gained mutation: Your spells are a little harder to cast,
                  | but a little more powerful. [potion of mutation]
  1620 | D:3      | Gained mutation: You possess an exceptional clarity of
                  | mind. [potion of mutation]
  1627 | D:3      | Killed Sigmund
  1628 | D:3      | Reached skill level 6 in Axes
  1628 | D:3      | Reached XP level 6. HP: 37/42 MP: 6/6
  1881 | D:4      | Found a staircase to the Ecumenical Temple.
  1906 | Temple   | Entered the Ecumenical Temple
  1915 | Temple   | Became a worshipper of Warmaster Okawaru
  1963 | D:4      | Noticed Pikel
  1968 | D:4      | Noticed Blork the orc
  1978 | D:4      | Killed Pikel
  1978 | D:4      | Reached * piety under Okawaru
  1979 | D:4      | Reached skill level 8 in Axes
  1979 | D:4      | Reached skill level 1 in Invocations
  1979 | D:4      | Reached XP level 7. HP: 39/46 MP: 6/8
  2021 | D:4      | Killed Blork the orc
  2022 | D:4      | Reached XP level 8. HP: 4/52 MP: 9/9
  2377 | D:4      | Reached skill level 9 in Axes
  3307 | D:5      | Entered Level 5 of the Dungeon
  3340 | D:5      | Found a sand-covered staircase.
  3387 | Ossuary  | Entered an ossuary
  3482 | Ossuary  | Reached ** piety under Okawaru
  3541 | Ossuary  | Reached skill level 10 in Axes
  4457 | D:5      | Reached XP level 9. HP: 36/56 MP: 8/11
  4701 | D:5      | Found Mops's Magic Scroll Shop.
  4713 | D:5      | Bought a scroll of blinking for 97 gold pieces
  4713 | D:5      | Bought a scroll of fog for 52 gold pieces
  4713 | D:5      | Bought a scroll of identify for 26 gold pieces
  4713 | D:5      | Bought a scroll of immolation for 52 gold pieces
  5048 | D:6      | Reached skill level 11 in Axes
  5503 | D:6      | Noticed Jeremiah
  5618 | D:6      | Found an ancient bone altar of Kikubaaqudgha.
  5620 | D:6      | Found a blossoming altar of Fedhas.
  6092 | D:7      | Reached *** piety under Okawaru
  6698 | D:7      | Found a sparkling altar of Nemelex Xobeh.
  7209 | D:5      | Bought a scroll of identify for 26 gold pieces
  7295 | D:8      | Reached skill level 12 in Axes
  7327 | D:7      | Reached **** piety under Okawaru
  7328 | D:7      | Reached XP level 10. HP: 11/65 MP: 3/13
  7702 | D:8      | You fall into a shaft and drop 1 floor!
  7819 | D:8      | Reached skill level 5 in Fighting
  7839 | D:8      | Reached skill level 5 in Invocations
  8336 | D:8      | Reached skill level 5 in Dodging
  8558 | D:8      | Found a glowing golden altar of the Shining One.
  8852 | D:6      | Killed Jeremiah
  9330 | D:9      | Found a large runed translucent door.
  9332 | D:9      | Found a large runed translucent door.
  9359 | D:9      | Reached skill level 5 in Shields
  9391 | D:9      | Reached XP level 11. HP: 52/74 MP: 15/15
  9396 | D:9      | Reached ***** piety under Okawaru
 10023 | D:10     | Entered Level 10 of the Dungeon
 10042 | D:10     | Noticed Joseph
 10056 | D:10     | Killed Joseph
 10057 | D:10     | Noticed a two-headed ogre
 10064 | D:10     | Killed a two-headed ogre
 10065 | D:10     | Reached skill level 13 in Axes
 10085 | D:10     | Noticed Maggie
 10098 | D:10     | Killed Maggie
 10107 | D:10     | Found a staircase to the Orcish Mines.
 10706 | D:10     | Noticed a death yak
 10727 | D:10     | Killed a death yak
 10738 | D:10     | Found a staircase to the Lair.
 10738 | D:10     | Noticed a death yak
 10771 | D:10     | Noticed a death yak
 10772 | D:10     | Killed a death yak
 10787 | D:10     | Killed a death yak
 10902 | D:10     | Noticed Nergalle
 11279 | D:10     | Received a gift from Okawaru
 11280 | D:10     | Reached XP level 12. HP: 42/84 MP: 17/17
 11446 | D:10     | Reached skill level 1 in Stealth
 11678 | D:10     | Found an opulent altar of Gozag.
 12012 | D:10     | Killed Nergalle
 12114 | D:11     | Found a runed translucent gate.
 12114 | D:11     | Found a runed translucent gate.
 12114 | D:11     | Found a runed translucent gate.
 12146 | D:11     | Noticed a two-headed ogre
 12265 | D:11     | Noticed Sonja
 12272 | D:11     | Killed Sonja
 12290 | D:11     | Killed a two-headed ogre
 12291 | D:11     | Reached skill level 14 in Axes
 12315 | D:11     | Found a gate leading to a gauntlet.
 12324 | Gauntlet | Entered a Gauntlet
 12324 | Gauntlet | Found a transporter.
 12324 | Gauntlet | Found a transporter.
 12414 | Gauntlet | Found a transporter.
 12415 | Gauntlet | Found a transporter.
 12416 | Gauntlet | Found a transporter.
 12418 | Gauntlet | Found a transporter.
 12425 | Gauntlet | Found a transporter.
 12427 | Gauntlet | Found a transporter.
 12427 | Gauntlet | Found a transporter.
 12429 | Gauntlet | Found a transporter.
 12430 | Gauntlet | Noticed a dire elephant
 12437 | Gauntlet | Found a transporter.
 12438 | Gauntlet | Found a transporter.
 12656 | Gauntlet | Identified the +3 broad axe of Ricuymoph {flame, rPois
                  | Str+4 Dex+5}
 12900 | Gauntlet | Identified the +0 robe of the Muttering Gods {Str+3 Stlth+}
 12926 | Gauntlet | Identified the ring "Olyaquti" {rElec EV+5 SInv}
 12980 | Gauntlet | Noticed a minotaur
 12993 | Gauntlet | Killed a minotaur
 13201 | D:11     | Noticed Superdj450's ghost (novice DgCj)
 13329 | D:11     | Found a viscous altar of Jiyva.
 13476 | Lair:1   | Entered Level 1 of the Lair of Beasts
 13476 | Lair:1   | Noticed an eight-headed hydra
 13490 | Lair:1   | Killed a seven-headed hydra
 13634 | Lair:1   | Received a gift from Okawaru
 14187 | Lair:1   | Learned a level 3 spell: Ozocubu's Armour
 14595 | Lair:1   | Reached XP level 13. HP: 90/92 MP: 19/19
 14601 | Lair:1   | Reached skill level 10 in Fighting
 14866 | Lair:2   | Received a gift from Okawaru
 14883 | Lair:2   | Reached skill level 15 in Axes
 14922 | Lair:2   | Received a gift from Okawaru
 15728 | Lair:2   | Received a gift from Okawaru
 16404 | Lair:2   | Found a staircase to the Shoals.
 16412 | Lair:2   | Received a gift from Okawaru
 16864 | Lair:3   | Reached XP level 14. HP: 98/99 MP: 21/21
 17385 | Lair:3   | Received a gift from Okawaru
 17406 | Lair:3   | Found a staircase to the Snake Pit.
 17882 | Lair:4   | Found a large runed translucent door.
 17882 | Lair:4   | Found a large runed translucent door.
 17890 | Lair:4   | Reached skill level 16 in Axes
 18652 | Lair:4   | Noticed Bekuax's ghost (journeyman MfIE)
 18823 | Lair:5   | Entered Level 5 of the Lair of Beasts
 18951 | Lair:5   | Found a stormy altar of Qazlal.
 18960 | Lair:4   | Received a gift from Okawaru
 19296 | Arena    | Entered the Arena
 20072 | Lair:5   | Found a viscous altar of Jiyva.
 20072 | Lair:5   | Found a staircase to the Slime Pits.
 20235 | Lair:5   | Reached skill level 17 in Axes
 20628 | Lair:5   | Received a gift from Okawaru
 21047 | Lair:5   | Found a large runed translucent door.
 21270 | Lair:5   | Found a large runed translucent door.
 22046 | Orc:1    | Entered Level 1 of the Orcish Mines
 22053 | Orc:1    | Reached XP level 15. HP: 108/108 MP: 22/22
 22285 | Orc:1    | Reached skill level 18 in Axes
 22454 | Orc:1    | Found Zaecsai's Mayhem Merchandise.
 22684 | Orc:2    | Entered Level 2 of the Orcish Mines
 22921 | Orc:2    | Reached skill level 10 in Invocations
 22945 | Orc:2    | Noticed an orc warlord
 23200 | Orc:1    | Killed an orc warlord
 23355 | Orc:2    | Received a gift from Okawaru
 23462 | Orc:1    | Noticed an orc warlord
 23466 | Orc:1    | Reached skill level 10 in Dodging
 23470 | Orc:1    | Killed an orc warlord
 23727 | Orc:1    | Found Cuygikyf's Assorted Antiques.
 23774 | Orc:1    | Bought a scroll of blinking for 172 gold pieces
 23774 | Orc:1    | Bought a scroll labelled SICZUJYIHU for 23 gold pieces
 23774 | Orc:1    | Bought a ruby potion for 20 gold pieces
 23953 | Orc:2    | Found Becigyry's Antique Armour Shop.
 23975 | Orc:2    | Found Ziefi's Jewellery Emporium.
 23991 | Orc:2    | Paralysed by an orc sorcerer for 5 turns
 24278 | Orc:2    | Slain by a troll

Illustrated notes

Levels and vault maps discovered:
D:1:      dpeg_arrival_ternary, layout_loops_ring, minmay_crystal_room,
          minivault_27, minmay_octomino_c4
D:2:      layout_rooms, uniq_terence, uniq_jessica
D:3:      layout_rooms, uniq_sigmund
D:4:      wander_river, layout_basic, temple_green, uniq_blork_the_orc,
          uniq_pikel
D:5:      layout_loops_corners, serial_shops, shop,
          nicolae_ossuary_entry_false_entrances
D:6:      layout_gridville, grunt_temple_overflow_growth_and_decay,
          minmay_splitting_lines, kennysheep_pointless_box, uniq_jeremiah
D:7:      layout_basic, nemelex_diamond_rough_becter, minmay_statues_item
D:8:      layout_cave_pools, nicolae_tso_besieged_by_evil,
          hangedman_abyss_or_decor_slice
D:9:      layout_stronghold, jmf_multi_god_temple2
D:10:     layout_stronghold, nicolae_gozag_cash_rules_everything_around_me,
          dpeg_lair_monsters, zombieorc2_lemuel, uniq_nergalle, uniq_joseph,
          uniq_maggie
D:11:     layout_rooms, gammafunk_ghost_ooze, gauntlet_entry_generic, uniq_sonja
Temple:   nicolae_temple_superstar
Lair:1:   layout_cave_shapes, lemuel_fruit_tree
Lair:2:   layout_roguey, nicolae_shoals_entry_roost, nicolae_lair_lindhole,
          lemuel_fruit_fields, infiniplex_staircase_pool_2, lemuel_fruit_fields
Lair:3:   layout_chaotic_city, guppyfry_snake_entry_garden, roderic_carrion_pond
Lair:4:   layout_gridlike, ebering_ghost_disaster_area
Lair:5:   cheibrodos_lair_end_hotspot, layout_cave_pods,
          nicolae_slime_entry_slimehenge, basic_altar
Orc:1:    layout_diamond_mine, serial_shops, nicolae_shop_hallway_plus,
          minmay_shop_mayhem
Orc:2:    grunt_orc_gardens, layout_caves, grunt_orc_garden, grunt_orc_garden,
          grunt_orc_garden, grunt_orc_garden, uniq_saint_roka

Skill      XL: |  1  2  3  4  5  6  7  8  9 10 11 12 13 14 15 |
---------------+----------------------------------------------+-----
Axes           | 3 4 5 6 8 10 12 13 14 15 17 18 | 18.0
Invocations    | 1 3 4 5 7 8 9 10 | 10.1
Fighting       | 4 6 8 9 11 12 | 12.5
Dodging        | 4 6 7 9 10 | 10.1
Shields        | 4 5 6 7 8 9 |  9.6
Stealth        | 1 |  1.0

Action                     |  1- 3 |  4- 6 |  7- 9 | 10-12 | 13-15 || total
---------------------------+-------+-------+-------+-------+-------++-------
  Melee: War axe           |    47 |    83 |       |   153 |       ||   283
         Constrict         |    14 |    21 |    55 |    51 |    87 ||   228
         Tentacles         |     6 |    11 |    68 |   147 |   213 ||   445
         Punch             |     1 |       |     3 |    19 |    19 ||    42
         Whip              |       |       |    24 |       |       ||    24
         Hand axe          |       |       |   219 |   185 |       ||   404
         Morningstar       |       |       |       |    40 |       ||    40
         Broad axe         |       |       |       |   124 |   763 ||   887
  Throw: Dart              |       |       |    14 |    25 |    20 ||    59
         Javelin           |       |       |       |     4 |    17 ||    21
         Throwing net      |       |       |       |     3 |     1 ||     4
 Invoke: Heroism           |       |       |     1 |    15 |     7 ||    23
         Finesse           |       |       |       |     2 |     3 ||     5
         Duel              |       |       |       |       |     1 ||     1
  Evoke: Wand              |       |       |    31 |    31 |     9 ||    71
    Use: Potion            |       |     1 |       |     3 |     7 ||    11
         Scroll            |       |       |    11 |     8 |     6 ||    25
   Stab: Sleeping          |     5 |     5 |     9 |     4 |     7 ||    30
         Distracted        |       |       |     1 |     2 |     2 ||     5
         Held in net/web   |       |       |       |     2 |     1 ||     3
 Armour: Skin              |    18 |    36 |   104 |   123 |   197 ||   478
  Dodge: Dodged            |    33 |    56 |   120 |   173 |   376 ||   758
  Block: Buckler           |     9 |    23 |    38 |   159 |   333 ||   562
         Reflection        |       |       |       |     3 |    10 ||    13

Table legend: (Time is in decaauts)
 A = Elapsed time spent in this place.
 B = Non-inter-level travel time spent in this place.
 C = Inter-level travel time spent in this place.
 D = Time resting spent in this place.
 E = Time spent auto-exploring this place.
 F = Levels seen in this place.
 G = Mean time per level.
                   A        B        C        D        E       F      G
               +--------+--------+--------+--------+--------+-----+--------+
         Total |  23972 |  22575 |   1397 |   7785 |  10238 |  22 | 1089.6 |
       Dungeon |  12321 |  11392 |    929 |   3247 |   5875 |  11 | 1120.1 |
        Temple |     16 |      9 |      7 |      0 |      0 |   1 |   16.0 |
          Lair |   8363 |   7994 |    369 |   3175 |   3346 |   5 | 1672.6 |
  Orcish Mines |   2125 |   2034 |     91 |    911 |    697 |   2 | 1062.5 |
       Ossuary |    397 |    397 |      0 |    193 |     72 |   1 |  397.0 |
      Gauntlet |    729 |    729 |      0 |    242 |    248 |   1 |  729.0 |
         Arena |     20 |     20 |      0 |     16 |      0 |   1 |   20.0 |
               +--------+--------+--------+--------+--------+-----+--------+

Top non-repeatable levels by time:
  Lair:5: 2231 daAuts
    D:10: 2085 daAuts
  Lair:2: 1982 daAuts
  Lair:4: 1789 daAuts
   Orc:1: 1489 daAuts
     D:7: 1423 daAuts
     D:5: 1387 daAuts
  Lair:1: 1289 daAuts
     D:9: 1248 daAuts
     D:4: 1211 daAuts
     D:8: 1182 daAuts
     D:6: 1182 daAuts
  Lair:3: 1070 daAuts
     D:3: 802 daAuts
     D:1: 766 daAuts
